 Dungeon Crawl Stone Soup version 0.22-a0-469-gf26638a (webtiles) character file.

240 4thArraOfDagon the Chopper (level 6, 0/56 HPs)
             Began as a Hill Orc Monk on June 13, 2018.
             Was a Believer of the Shining One.
             Slain by an ogre
             ... wielding a +0 giant spiked club
              (16 damage)
             ... on level 5 of the Dungeon.
             The game lasted 00:05:14 (1132 turns).

4thArraOfDagon the Chopper (Hill Orc Monk)          Turns: 1132, Time: 00:05:14

Health: 0/56       AC:  6    Str: 17    XL:     6   Next: 8%
Magic:  7/7        EV: 13    Int: 12    God:    the Shining One [**....]
Gold:   34         SH:  0    Dex: 13    Spells: 5/5 levels left

rFire    . . .     SeeInvis .   a - +0 hand axe
rCold    . . .     Gourm    .   (no shield)
rNeg     + . .     Faith    .   b - +0 robe
rPois    .         Spirit   .   x - +0 helmet
rElec    .         Reflect  .   (no cloak)
rCorr    .         Harm     .   (no gloves)
MR       .....                  (no boots)
Stlth    +.........             t - amulet of regeneration
HPRegen  0.58/turn              j - +3 ring of strength
MPRegen  0.10/turn              v - +3 ring of protection

@: glowing
A: no striking features
a: Divine Shield, Renounce Religion


You were on level 5 of the Dungeon.
You worshipped the Shining One.
The Shining One was pleased with you.
You were not hungry.

You visited 2 branches of the dungeon, and saw 6 of its levels.
You also visited: Sewer.

You collected 45 gold pieces.
You spent 11 gold pieces at shops.

Inventory:

Hand Weapons
 a - a +0 hand axe (weapon)
Armour
 b - a +0 robe (worn)
 x - a +0 helmet (worn)
Jewellery
 j - a +3 ring of strength (left hand)
 t - an amulet of regeneration (around neck)
 v - a +3 ring of protection (right hand)
Wands
 l - a wand of digging (10)
Scrolls
 d - 2 scrolls of fear {unknown}
 e - a scroll of identify
 h - 6 scrolls of teleportation {unknown}
 i - a scroll of blinking {unknown}
 n - a scroll of fog {unknown}
 s - a scroll of remove curse {unknown}
 y - a scroll of enchant weapon {unknown}
 z - a scroll of enchant armour {unknown}
Potions
 f - a potion of cancellation
 g - a potion of berserk rage
 k - a potion of degeneration
 m - 2 potions of flight
 o - a potion of experience {unknown}
 p - a potion of lignification {unknown}
 q - a potion of curing
 r - a potion of brilliance
 u - a potion of mutation {unknown}
 A - 2 potions of invisibility {unknown}
Comestibles
 c - 3 rations
 w - a chunk of flesh


   Skills:
 + Level 5.2 Fighting
 * Level 7.1 Axes
 + Level 1.3 Armour
 - Level 2.4 Dodging
 - Level 1.5 Stealth
 + Level 1.7 Invocations


You had 5 spell levels left.
You didn't know any spells.
Your spell library was empty.

Dungeon Overview and Level Annotations

Branches:
Dungeon (5/15)             Temple (1/1) D:4

Altars:
Dithmenos
Elyvilon
Fedhas
Hepliaklqana
Makhleb
Nemelex Xobeh
Okawaru
Qazlal
Sif Muna
Trog
Uskayaw
Vehumet
Xom
Yredelemnul
Zin
The Shining One

Shops:
D:5 !

Annotations:
D:4 Dowan
D:5 1 runed door


Message History

You hit the ogre.
The ogre is almost dead.
Unknown command.
You hit the ogre.
The ogre is almost dead.
The ogre hits you with a giant spiked club!
* * * LOW HITPOINT WARNING * * *
Unknown command.
Unknown command.
You hit the ogre but do no damage.
The ogre is almost dead.
The ogre barely misses you.
Unknown command.
Unknown command.
Okay, then.
You hit the ogre but do no damage.
The ogre is almost dead.
Unknown command.
The ogre hits you with a giant spiked club!
You die...

#........#......<....#........
#...##...#...........#........
#...##...#.....##....##.......
#........+.....##....##.......
#........#.....#.....##...###.
#...##...##....#.....##...# ##
#...##...##....#..........#
#............O.#..........#
#............@.##....##...#
#...##.........##....##...#
######...............##...#
#[...............#......
#................#.......
#................# .......
#....##..).......# ...##..
#....##....##....######
#..........##....##...##


You could see an ogre.

Vanquished Creatures
  A big kobold (Sewer)
  A crimson imp (D:5)
  2 iguanas
  A worker ant (D:5)
  An adder (D:5)
  2 oozes (Sewer)
  4 worms
  3 dart slugs
  A leopard gecko (D:4)
  An orc (D:5)
  4 ball pythons
  2 giant cockroaches (D:4)
  4 kobolds
  A quokka (D:5)
  2 frilled lizards
  2 jackal skeletons (D:4)
  A quokka skeleton (D:4)
  7 rats
40 creatures vanquished.

Notes
Turn   | Place    | Note
-------+----------+-------------------------------------------
     0 | D:1      | 4thArraOfDagon the Hill Orc Monk began the quest for the Orb.
     0 | D:1      | Reached XP level 1. HP: 19/19 MP: 1/1
   215 | D:1      | d1 lab
   237 | D:2      | Reached XP level 2. HP: 15/27 MP: 2/2
   303 | D:3      | Found a bloodstained altar of Trog.
   429 | D:4      | Found a staircase to the Ecumenical Temple.
   459 | Temple   | Entered the Ecumenical Temple
   491 | Temple   | Became a worshipper of the Shining One
   491 | Temple   | Reached * piety under the Shining One
   491 | Temple   | Reached ** piety under the Shining One
   520 | D:4      | Reached skill level 5 in Axes
   520 | D:4      | Reached XP level 3. HP: 8/33 MP: 1/3
   546 | D:4      | Found a glowing drain.
   566 | Sewer    | Entered a sewer
   639 | Sewer    | Noticed a big kobold
   670 | Sewer    | Killed a big kobold
   670 | Sewer    | Reached skill level 6 in Axes
   670 | Sewer    | Reached XP level 4. HP: 20/41 MP: 2/4
   670 | Sewer    | Reached XP level 5. HP: 22/47 MP: 2/5
   881 | D:4      | Noticed Dowan
   893 | D:5      | Entered Level 5 of the Dungeon
   997 | D:5      | Reached skill level 5 in Fighting
   997 | D:5      | Reached skill level 1 in Invocations
  1019 | D:5      | Reached skill level 7 in Axes
  1019 | D:5      | Reached skill level 1 in Armour
  1024 | D:5      | Found Kimodgh's Distillery.
  1044 | D:5      | Bought a potion of degeneration for 11 gold pieces
  1080 | D:5      | Found a white marble altar of Elyvilon.
  1080 | D:5      | Noticed an angel
  1081 | D:5      | Found a runed door.
  1093 | D:5      | Reached XP level 6. HP: 48/56 MP: 7/7
  1132 | D:5      | Slain by an ogre

Vault maps used:
D:1:      sevenhm_arrival_forest_fort_small_6, serial_bayou_crossing
D:2:      lemuel_crystal_altar, tgw_kikubaaqudgha
D:3:      trog_book
D:4:      temple_pool_b, first_ration, portal_sewer_entry_a,
          nicolae_gozag_zags_fifth_avenue, uniq_edmund, uniq_duvessa
D:5:      serial_shops, shop, lemuel_angel_altar
Temple:   nicolae_temple_x_marks_the_god
Sewer:    sewer_co_15_rooms

Skill      XL: |  1  2  3  4  5 |
---------------+----------------+-----
Fighting       | 4 5 |  5.2
Axes           | 5 6 7 |  7.1
Invocations    | 1 |  1.7
Armour         | 1 |  1.3
Dodging        | |  2.4
Stealth        | |  1.5

Action                   |  1- 3 |  4- 6 || total
-------------------------+-------+-------++-------
Melee: Hand axe          |    91 |    85 ||   176
Invok: Divine Shield     |       |     1 ||     1
  Use: Scroll            |     3 |     3 ||     6
       Potion            |     2 |       ||     2
 Stab: Sleeping          |     2 |       ||     2
  Eat: Chunk             |       |     1 ||     1
Armor: Robe              |    13 |    14 ||    27
Dodge: Dodged            |    54 |    38 ||    92
Block: Other             |       |     5 ||     5

Table legend:
 A = Spawn XP
 B = Non-spawn XP
 C = Spawn XP percentage of total XP
 D = Spawn monster count
 E = Non-spawn monster count
 F = Spawn count percentage of total count
 G = Total turns spent on level
                    A         B        C        D         E        F      G
               +---------+---------+-------+---------+---------+-------+---------
         Total |       0 |     343 |   0.0 |       0 |      40 |   0.0 |  1132
               +---------+---------+-------+---------+---------+-------+---------
           D:1 |       0 |       4 |   0.0 |       0 |       1 |   0.0 |   216
           D:2 |       0 |       7 |   0.0 |       0 |       3 |   0.0 |    66
           D:3 |       0 |       1 |   0.0 |       0 |       1 |   0.0 |    78
           D:4 |       0 |      53 |   0.0 |       0 |      10 |   0.0 |   183
           D:5 |       0 |     139 |   0.0 |       0 |       7 |   0.0 |   239
         Sewer |       0 |     139 |   0.0 |       0 |      18 |   0.0 |   305
               +---------+---------+-------+---------+---------+-------+---------
